Zazza, neutral female gnomish Wizard ------ --- --- |.... . . |...-------- .---- -.| |...|.++|..-------.|..| +.| |...|.].|. |.....|.|.. |.| |...|.[ -|-|.._..|.-|-- ----.. |...-|---..|.....|....--+--....| #|..........|.....|.............| #%........{.---|---.{............##:##r@ |..)...........................| |...-+---...........-+--|---...| |...| --------.---- |.. |...| |...| +.+ |">)|...| |...| |.| |?/%|...| -...- -.- -----...| |.... . ....| ------ --- ------ Zazza the Evoker Experience level: 1 Strength: 11 Dexterity: 11 Constitution: 12 Intelligence: 19 Wisdom: 11 Charisma: 11 Health: 0(12) Energy: 9(9) Def: 1 Gold: 45 Moves: 1238 Dungeon seed: pCbT8B-0MiW3uyli Game ID: Zazza_1621010489 Your Inventory: Coins $ - 45 gold pieces Weapons a - a blessed +1 quarterstaff o - 11 +0 elven arrows p - a +0 silver saber t - 8 blessed +0 orcish arrows v - a cursed -3 orcish dagger w - a blessed +1 orcish dagger Armor e - an uncursed +0 cloak of magic resistance (being worn) Comestibles m - an uncursed food ration Scrolls i - 4 uncursed scrolls of identify j - a blessed scroll of confuse monster s - an uncursed scroll of teleportation Spellbooks k - a blessed spellbook of force bolt l - an uncursed spellbook of cure blindness Potions f - an uncursed potion of gain level g - an uncursed potion of see invisible h - an uncursed potion of confusion u - a potion of holy water Rings c - an uncursed ring of slow digestion (on left hand) d - an uncursed ring of searching Wands b - a wand of light (0:14) Tools q - an uncursed credit card Gems n - 2 uncursed jet stones r - 2 uncursed worthless pieces of yellow glass y - an uncursed worthless piece of white glass z - an uncursed worthless piece of green glass N - an uncursed worthless piece of black glass Spells and supernatural/magical abilities: Name Level Category Fail Memory a - force bolt 1 attack 0% 94% B - cure blindness 2 healing 56% 94% W - pray for help -- divine ? -- Your skills at the end: Fighting Skills Weapon Skills quarterstaff [Basic] Spellcasting Skills attack spells [Basic] enchantment spells [Basic] Final Attributes: You were aligned. You were magic-protected. You had infravision. You had slower digestion. You are dead. Vanquished creatures: a coyote 4 giant rats a yellow mold a gnome a gnome zombie a gecko 2 foxes a kobold 4 goblins 2 sewer rats 3 grid bugs a bat 2 lichens 6 newts 30 creatures vanquished. Voluntary challenges: You never hit with a wielded weapon. You read items or engraved 1 time, starting on turn 1236. You never genocided any monsters. You never polymorphed an object. You never changed form. You used no wishes. You never split a pudding. You never wrote Elbereth's name. You never violated your personal moral code. Dungeon overview: The Dungeons of Doom: levels 1 to 2 Level 1 (gold) some fountains a long staircase Level 2 stairs to The Gnomish Mines The Gnomish Mines: levels 3 to 5 Level 3 stairs to The Dungeons of Doom Level 4 Level 5 <- You were here some shops, a temple to Thoth, some fountains History has recorded: On T:1 you entered the Dungeons of Doom to retrieve the Amulet of Yendor! On T:415 you reached level 2 of The Dungeons of Doom. On T:802 you reached level 1 of The Gnomish Mines. On T:1123 you reached level 2 of The Gnomish Mines. On T:1158 you reached level 3 of The Gnomish Mines. Score breakdown: Gold: 45 ( 5656 points) Experience: 1 level ( 0 points) Exploration: 5 levels ( 10.42%) ( 8751 points) Discoveries: 1 item ( 0.35%) ( 1767 points) Valuables value: (no points given unless you survive) Artifact value: 0 ( 0 points) Variety of kills: 14 monsters ( 3.67%) ( 5750 points) Turncount: 1238 turns ( 0 points) Survival: died (score multiplied by 80%) Total score: 17539 Latest messages: i - 4 uncursed scrolls of identify. l - an uncursed spellbook of cure blindness. k - a blessed spellbook of force bolt. u - a blessed clear potion. h - an uncursed potion of confusion. f - an uncursed potion of gain level. g - an uncursed potion of see invisible. d - an uncursed ring of searching. b - a wand of light (0:15). q - an uncursed credit card. N - an uncursed black gem. n - 2 uncursed black gems. z - an uncursed green gem. y - an uncursed white gem. r - 2 uncursed yellow gems. The gecko bites! Never mind. A lit field surrounds you! You write in the dust with your fingers. The rabid rat bites! (3x) You die... Final status: Goodbye Zazza the Wizard, killed by a rabid rat... You died in The Gnomish Mines on dungeon level 5 with 17539 points, and 45 pieces of gold, after 1238 moves. You were level 1 with a maximum of 12 hit points when you died.